[ AOE2 MATCH · #473403667 ]
UnrankedSpanish vs Spanish
Player's team · LOSS
Rival team · WIN
[ REPLAY ANALYSIS · EXTRACTED FROM THE RECORDED GAME ]
Feudal
11:28
Castle
15:01
Imperial
—
| APM avg | 39.8 |
| APM peak | 88 |
| eAPM avg | 15.0 |
| Villagers / military | 44 / 17 |
Focus
⚔️ 38.1% · 🌾 61.9%
Conquistador ×12 · Mangonel ×3 · Monk ×2
Feudal
10:32
Castle
13:56
Imperial
—
| APM avg | 38.6 |
| APM peak | 81 |
| eAPM avg | 16.3 |
| Villagers / military | 37 / 29 |
Focus
⚔️ 24.3% · 🌾 75.7%
Conquistador ×24 · Battering Ram ×5
Match map
Initial resources + every placement click. Lines = walls · curves = elevation contours. ◆ gold · ⬟ stone · ● berries · ✦ relic · ◌ wall gap
Your base· ✓ Closed at 15:01 · 5t walls · 2 gate(s)
Nepukad's base· ✓ Closed at 13:56 · 0t walls · 2 gate(s)
Smoothed initial terrain · ◌ = detected wall gap · hover for details
Inputs per minute
— JefferyCZ - - Nepukad
Build order — JefferyCZ
121 actions detected in the replay
| 0:00 | Create | Villager (Male) ×4 |
| 0:02 | Build | House |
| 0:03 | Build | House |
| 1:48 | Create | Villager (Male) |
| 1:51 | Build | Lumber Camp |
| 2:05 | Create | Villager (Male) |
| 2:06 | Create | Villager (Male) |
| 2:24 | Create | Villager (Male) |
| 2:24 | Create | Villager (Male) |
| 2:52 | Create | Villager (Male) |
| 2:53 | Create | Villager (Male) |
| 3:24 | Create | Villager (Male) |
| 3:31 | Build | House |
| 3:32 | Build | House |
| 4:09 | Create | Villager (Male) |
| 4:09 | Create | Villager (Male) |
| 4:14 | Build | Mill |
| 4:27 | Build | House |
| 4:57 | Create | Villager (Male) |
| 5:12 | Create | Villager (Male) |
| 5:53 | Create | Villager (Male) |
| 5:53 | Create | Villager (Male) |
| 5:54 | Create | Villager (Male) |
| 6:54 | Build | Mining Camp |
| 7:00 | Create | Villager (Male) |
| 7:01 | Create | Villager (Male) |
| 7:01 | Create | Villager (Male) |
| 7:30 | Build | Mining Camp |
| 8:00 | Create | Villager (Male) |
| 8:00 | Create | Villager (Male) |
| 8:13 | Build | Farm |
| 8:15 | Build | Farm |
| 8:38 | Research | Feudal Age |
| 9:36 | Build | Farm |
| 10:23 | Create | Villager (Male) |
| 10:23 | Create | Villager (Male) |
| 10:58 | Build | Farm |
| 10:59 | Build | Farm |
| 11:28 | Age | Feudal Age |
| 11:30 | Build | Market |
| 11:58 | Build | Blacksmith |
| 12:21 | Research | Castle Age |
| 12:59 | Research | Double-Bit Axe |
| 13:17 | Research | Horse Collar |
| 13:29 | Build | House |
| 13:30 | Build | House |
| 13:38 | Create | Villager (Male) |
| 14:24 | Build | Stone Wall |
| 14:36 | Build | Stone Wall |
| 14:38 | Build | Stone Wall |
| 15:01 | Age | Castle Age |
| 15:06 | Build | Castle |
| 15:11 | Create | Villager (Male) |
| 15:11 | Create | Villager (Male) |
| 15:36 | Build | Stone Wall |
| 15:38 | Build | Stone Wall |
| 15:46 | Create | Villager (Male) |
| 15:46 | Create | Villager (Male) |
| 15:55 | Build | Siege Workshop |
| 16:16 | Build | Farm |
| 16:16 | Build | Farm |
| 16:16 | Build | Farm |
| 16:17 | Build | Farm |
| 16:17 | Build | Farm |
| 16:29 | Create | Conquistador |
| 16:30 | Create | Conquistador |
| 16:36 | Build | Stone Wall |
| 16:49 | Create | Mangonel |
| 17:08 | Create | Villager (Male) |
| 17:08 | Create | Villager (Male) |
| 17:10 | Create | Conquistador |
| 17:22 | Build | Farm |
| 17:22 | Build | Farm |
| 17:22 | Build | Farm |
| 17:23 | Build | Farm |
| 17:23 | Build | Farm |
| 17:39 | Create | Conquistador |
| 17:40 | Create | Villager (Male) |
| 17:40 | Create | Villager (Male) |
| 17:43 | Research | Gold Mining |
| 18:28 | Build | Farm |
| 18:29 | Create | Villager (Male) |
| 18:30 | Create | Villager (Male) |
| 18:30 | Create | Villager (Male) |
| 18:30 | Create | Villager (Male) |
| 18:48 | Build | Farm |
| 18:49 | Build | Farm |
| 18:54 | Build | Farm |
| 18:57 | Build | Farm |
| 19:04 | Create | Conquistador |
| 19:20 | Build | Farm |
| 20:06 | Build | Monastery |
| 20:37 | Create | Conquistador |
| 20:37 | Create | Conquistador |
| 20:43 | Create | Conquistador |
| 20:44 | Create | Conquistador |
| 20:47 | Build | House |
| 20:49 | Build | House |
| 21:00 | Create | Mangonel |
| 21:04 | Create | Villager (Male) |
| 21:05 | Create | Villager (Male) |
| 21:05 | Create | Villager (Male) |
| 21:09 | Build | Farm |
| 21:10 | Create | Monk |
| 21:47 | Create | Monk |
| 22:01 | Build | House |
| 22:07 | Create | Conquistador |
| 22:08 | Create | Villager (Male) |
| 22:08 | Create | Villager (Male) |
| 22:34 | Build | House |
| 22:46 | Research | Padded Archer Armor |
| 23:35 | Create | Conquistador |
| 23:35 | Create | Conquistador |
| 23:53 | Build | Mining Camp |
| 24:05 | Research | Leather Archer Armor |
| 24:32 | Build | Siege Workshop |
| 24:39 | Research | Sanctity |
| 24:50 | Research | Imperial Age |
| 25:43 | Create | Mangonel |
| 25:45 | Build | House |
| 25:47 | Build | House |
Build order — Nepukad
109 actions detected in the replay
| 0:00 | Create | Villager (Male) |
| 0:00 | Create | Villager (Male) |
| 0:01 | Create | Villager (Male) |
| 0:01 | Create | Villager (Male) |
| 0:02 | Build | House |
| 0:03 | Build | House |
| 1:23 | Create | Villager (Male) |
| 1:54 | Create | Villager (Male) |
| 2:31 | Create | Villager (Male) |
| 2:32 | Create | Villager (Male) |
| 2:32 | Create | Villager (Male) |
| 2:52 | Build | Lumber Camp |
| 3:02 | Build | House |
| 3:16 | Create | Villager (Male) |
| 3:16 | Create | Villager (Male) |
| 4:01 | Create | Villager (Male) |
| 4:02 | Create | Villager (Male) |
| 4:02 | Create | Villager (Male) |
| 5:16 | Create | Villager (Male) |
| 5:19 | Build | Mill |
| 5:33 | Build | House |
| 6:07 | Create | Villager (Male) |
| 6:08 | Create | Villager (Male) |
| 6:08 | Create | Villager (Male) |
| 6:16 | Create | Villager (Male) |
| 6:16 | Create | Villager (Male) |
| 6:32 | Build | Mining Camp |
| 6:33 | Create | Villager (Male) |
| 8:17 | Research | Feudal Age |
| 8:52 | Research | Loom |
| 10:32 | Age | Feudal Age |
| 10:36 | Build | Market |
| 10:40 | Build | Blacksmith |
| 11:16 | Research | Castle Age |
| 11:48 | Research | Double-Bit Axe |
| 12:48 | Create | Villager (Male) |
| 13:56 | Age | Castle Age |
| 14:07 | Build | Mining Camp |
| 14:20 | Build | Castle |
| 14:32 | Create | Villager (Male) |
| 14:47 | Build | Outpost |
| 14:58 | Create | Villager (Male) |
| 15:03 | Create | Villager (Male) |
| 15:05 | Research | Padded Archer Armor |
| 15:18 | Build | Siege Workshop |
| 15:22 | Create | Conquistador |
| 15:22 | Create | Conquistador |
| 15:42 | Build | Farm |
| 15:45 | Create | Battering Ram |
| 15:55 | Create | Villager (Male) |
| 16:00 | Build | Farm |
| 16:24 | Create | Conquistador |
| 16:24 | Create | Conquistador |
| 16:41 | Create | Battering Ram |
| 16:45 | Build | Farm |
| 17:04 | Create | Villager (Male) |
| 17:09 | Build | Farm |
| 17:23 | Create | Battering Ram |
| 17:23 | Create | Battering Ram |
| 17:30 | Create | Villager (Male) |
| 18:10 | Build | Farm |
| 18:12 | Build | Farm |
| 18:15 | Build | Farm |
| 18:18 | Build | Farm |
| 18:31 | Create | Conquistador |
| 18:33 | Research | Leather Archer Armor |
| 18:42 | Build | Farm |
| 18:47 | Build | Farm |
| 19:06 | Create | Villager (Male) |
| 19:09 | Build | Farm |
| 19:14 | Build | Farm |
| 19:34 | Create | Conquistador |
| 19:34 | Create | Conquistador |
| 19:44 | Create | Villager (Male) |
| 19:46 | Build | Farm |
| 20:05 | Create | Conquistador |
| 20:05 | Create | Conquistador |
| 20:14 | Build | Farm |
| 20:17 | Build | Farm |
| 20:49 | Create | Conquistador |
| 21:04 | Create | Battering Ram |
| 21:08 | Create | Conquistador |
| 21:13 | Create | Villager (Male) |
| 21:52 | Create | Conquistador |
| 21:52 | Create | Conquistador |
| 22:02 | Create | Villager (Male) |
| 22:05 | Build | Mining Camp |
| 22:22 | Build | House |
| 22:25 | Build | House |
| 23:16 | Create | Conquistador |
| 23:16 | Create | Conquistador |
| 23:16 | Create | Conquistador |
| 23:35 | Create | Villager (Male) |
| 23:37 | Build | Barracks |
| 23:41 | Create | Villager (Male) |
| 23:55 | Create | Villager (Male) |
| 24:12 | Build | Monastery |
| 24:16 | Create | Conquistador |
| 24:17 | Create | Conquistador |
| 24:38 | Build | Stable |
| 24:41 | Create | Villager (Male) |
| 25:00 | Create | Conquistador |
| 25:01 | Create | Conquistador |
| 25:50 | Create | Conquistador |
| 25:50 | Create | Conquistador |
| 25:55 | Create | Villager (Male) |
| 25:55 | Build | Farm |
| 26:30 | Create | Conquistador |
| 26:30 | Create | Conquistador |
Match timeline
| 10:32 | Nepukad · age_up feudal |
| 11:13 | Nepukad · first_market_sell 100 stone |
| 11:28 | JefferyCZ · age_up feudal |
| 13:56 | Nepukad · age_up castle |
| 14:20 | Nepukad · first_building Castle |
| 14:24 | JefferyCZ · wall_segment Stone Wall x3 |
| 14:36 | JefferyCZ · wall_segment Stone Wall x1 |
| 14:38 | JefferyCZ · wall_segment Stone Wall x1 |
| 15:01 | JefferyCZ · age_up castle |
| 15:06 | JefferyCZ · first_building Castle |
| 15:18 | Nepukad · first_building Siege Workshop |
| 15:36 | JefferyCZ · wall_segment Stone Wall x1 |
| 15:38 | JefferyCZ · wall_segment Stone Wall x6 |
| 15:55 | JefferyCZ · first_building Siege Workshop |
| 16:36 | JefferyCZ · wall_segment Stone Wall x5 |
| 16:47 | JefferyCZ · first_market_sell 100 food |
| 16:48 | JefferyCZ · first_market_buy 100 wood |
| 18:07 | Nepukad · first_market_buy 100 food |
| 20:06 | JefferyCZ · first_building Monastery |
| 23:37 | Nepukad · first_building Barracks |
| 24:12 | Nepukad · first_building Monastery |
| 24:38 | Nepukad · first_building Stable |
| 26:36 | JefferyCZ · resign |
[ AI ANALYSIS · 1 CREDIT ]
What really happened in this match?
Wolo.gg analyzes every decision: build order, eco, micro, common mistakes by bracket. Personalized analysis on WhatsApp or Discord in 30 seconds.
Civ guide
Spanish
Perfil
Jugador #16832321